 Dungeon Crawl Stone Soup version 0.23-a0-389-g4a5eb334b0 (webtiles) character file.

776 PikkenKukken the Covert (level 7, 0/32 HPs)
             Began as a Spriggan Conjurer on Oct 30, 2018.
             Was a Follower of Sif Muna.
             Slain by Prince Ribbit (18 damage)
             ... on level 5 of the Dungeon.
             The game lasted 00:21:04 (7910 turns).

PikkenKukken the Covert (Spriggan Conjurer)         Turns: 7910, Time: 00:21:04

Health: 0/32       AC:  4    Str:  4    XL:     7   Next: 54%
Magic:  4/12       EV: 18    Int: 18    God:    Sif Muna [*.....]
Gold:   164        SH:  3    Dex: 17    Spells: 2/12 levels left

rFire    . . .     SeeInvis +   l - +7 spear "Goblinbane" {pierce, rElec rN+}
rCold    + . .     Gourm    .   (shield restricted)
rNeg     + . .     Faith    .   n - +2 robe {rC+}
rPois    .         Spirit   .   (helmet restricted)
rElec    +         Reflect  +   (no cloak)
rCorr    .         Harm     .   (gloves unavailable)
MR       +....                  (boots unavailable)
Stlth    ++++......             j - +3 amulet of reflection
HPRegen  0.10/turn              (no ring)
MPRegen  0.13/turn              (no ring)

@: very quick
A: very small, unfitting armour, see invisible, herbivore, speed 3, slow
metabolism 2
a: Divine Energy, Renounce Religion


You were on level 5 of the Dungeon.
You worshipped Sif Muna.
Sif Muna was aware of your devotion.
You were hungry.

You visited 2 branches of the dungeon, and saw 6 of its levels.

You collected 164 gold pieces.

Inventory:

Hand Weapons
 b - a +0 mace of protection
 h - a +1 dagger
 l - the +7 spear "Goblinbane" (weapon) {pierce, rElec rN+}
   (You found it on level 4 of the Dungeon)

   It inflicts extra damage upon your enemies.
   It insulates you from electricity.
   It protects you from negative energy.
Armour
 a - a +1 robe
 n - a +2 robe of cold resistance (worn)
Jewellery
 j - a +3 amulet of reflection (around neck)
Wands
 s - a wand of acid (9)
Scrolls
 f - a scroll of identify
 g - a scroll of magic mapping
 r - a scroll of enchant weapon
Potions
 d - 3 potions of might
 e - a potion of haste {unknown}
 i - a potion of agility
 k - a potion of heal wounds {unknown}
 m - a potion of invisibility {unknown}
 o - a potion of magic {unknown}
 p - 3 potions of flight {unknown}
 q - a potion of curing
Comestibles
 c - 2 rations


   Skills:
 - Level 3.0 Dodging
 + Level 9.6 Stealth
 - Level 3.0 Spellcasting
 + Level 5.4 Conjurations


You had 2 spell levels left.
You knew the following spells:

 Your Spells              Type           Power        Failure   Level  Hunger
a - Magic Dart            Conj           ###.         1%          1    None
b - Dazzling Spray        Conj/Hex       ##....       16%         3    ###....
c - Searing Ray           Conj           ###...       2%          2    ##.....
d - Iskenderun's Mystic   Conj           ###.....     17%         4    ####...

Your spell library contained the following spells:

 Spells                   Type           Power        Failure   Level  Hunger
 Force Lance              Conj/Tloc      ##......     47%         4    ####...
 Fulminant Prism          Conj/Hex       ##........   47%         4    ####...


Dungeon Overview and Level Annotations

Branches:
Dungeon (5/15)             Temple (1/1) D:4

Altars:
Hepliaklqana
Sif Muna
Vehumet

Annotations:
D:5 1 transporter, Edmund, Prince Ribbit


Innate Abilities, Weirdness & Mutations

You are very small and have problems with some larger weapons.
You are too small for most types of armour.
You have supernaturally acute eyesight. (SInv)
You are a herbivore.
You cover ground extremely quickly.
You need to consume almost no food.


Message History

You barely miss Prince Ribbit.
Prince Ribbit is severely wounded.
Prince Ribbit misses you.
You miss Prince Ribbit.
Prince Ribbit is severely wounded.
Prince Ribbit completely misses you. Prince Ribbit hits you!
You closely miss Prince Ribbit.
Prince Ribbit is severely wounded.
Prince Ribbit blinks!
No target in view!
You start resting.
Prince Ribbit is too close now for your liking.
Attack whom?
Press: ? - help, Dir - move target cursor, f/p - Prince Ribbit
Aim: Prince Ribbit (heavily wounded)
You reach to attack!
You miss Prince Ribbit.
Prince Ribbit is heavily wounded.
Prince Ribbit hits you!!
Ouch! That really hurt!
You die...

##########
.........#
.........# .#
........ยง# #.#
.........# #.#
.#######@# ##### #.#
#F# #...# #.#
#.###.#.###.######
###...<......)......
#.......#'##.....##
#................###
#...................
#................###
#...................


You could see Prince Ribbit.

Vanquished Creatures
  An ogre (D:5)
  2 centaurs (D:5)
  2 scorpions (D:5)
  A centaur skeleton (D:5)
  A bullfrog skeleton (D:5)
  A hound (D:4)
  An orc priest (D:4)
  An iguana (D:4)
  2 orc wizards
  3 worker ants
  Robin (D:2)
  6 adders
  An adder skeleton (D:4)
  A dart slug (D:1)
  3 leopard geckos
  10 orcs
  5 bats
  2 giant cockroaches
  13 goblins
  11 hobgoblins
  7 jackals
  3 quokkas
  2 frilled lizards (D:1)
  A jackal skeleton (D:4)
  6 kobolds
  8 rats
95 creatures vanquished.

Notes
Turn   | Place    | Note
-------+----------+-------------------------------------------
     0 | D:1      | PikkenKukken the Spriggan Conjurer began the quest for the
                  | Orb.
     0 | D:1      | Reached XP level 1. HP: 9/9 MP: 5/5
   324 | D:1      | Reached XP level 2. HP: 13/13 MP: 4/6
   676 | D:1      | Reached skill level 4 in Stealth
  1522 | D:2      | Reached XP level 3. HP: 16/16 MP: 1/8
  1959 | D:2      | Learned a level 3 spell: Dazzling Spray
  2051 | D:2      | Reached skill level 5 in Stealth
  2054 | D:2      | Noticed Robin
  2151 | D:2      | Reached XP level 4. HP: 13/21 MP: 1/9
  2460 | D:2      | Found a faded altar of an unknown god.
  3084 | D:2      | Killed Robin
  3903 | D:3      | Reached skill level 6 in Stealth
  4216 | D:3      | Found a hazy altar of Hepliaklqana.
  4360 | D:3      | Reached XP level 5. HP: 24/24 MP: 6/10
  5516 | D:4      | Found a deep blue altar of Sif Muna.
  5522 | D:4      | Became a worshipper of Sif Muna the Loreminder
  5950 | D:3      | Reached skill level 7 in Stealth
  6133 | D:4      | Got a faintly glowing spear
  6134 | D:4      | Identified the +7 spear "Goblinbane" {pierce, rElec rN+}
                  | (You found it on level 4 of the Dungeon)
  6228 | D:4      | Reached XP level 6. HP: 28/28 MP: 7/11
  6504 | D:4      | Found a staircase to the Ecumenical Temple.
  6555 | Temple   | Entered the Ecumenical Temple
  6559 | Temple   | Learned a level 2 spell: Searing Ray
  6564 | Temple   | Learned a level 4 spell: Iskenderun's Mystic Blast
  7003 | D:5      | Entered Level 5 of the Dungeon
  7015 | D:5      | Found a transporter.
  7015 | D:5      | Noticed an ice beast
  7034 | D:5      | Reached skill level 8 in Stealth
  7136 | D:5      | Noticed Edmund
  7193 | D:5      | Reached skill level 5 in Conjurations
  7193 | D:5      | Reached XP level 7. HP: 11/32 MP: 8/12
  7494 | D:5      | Reached skill level 9 in Stealth
  7589 | D:5      | Reached * piety under Sif Muna
  7785 | D:5      | Found a radiant altar of Vehumet.
  7895 | D:5      | Noticed Prince Ribbit
  7910 | D:5      | Slain by Prince Ribbit

Vault maps used:
D:1:      matt_arrival_refuge, serial_forest, infiniplex_forest_lined_2,
          infiniplex_forest_clump_C, infiniplex_forest_clump_tiny,
          infiniplex_forest_lined_3_way, infiniplex_forest_straight_1,
          infiniplex_forest_clump_small, infiniplex_forest_lined_corner,
          infiniplex_forest_lined_corner
D:2:      first_ration, chequers_ecumenical_altar_island, uniq_robin
D:3:      lemuel_doored_altar, due_unseen_surprise
D:4:      led_sif_pool, minmay_temple_entry_glass
D:5:      gammafunk_cloud_chamber, grunt_qazlal_clouds, lemuel_altar_in_water2,
          uniq_edmund, uniq_menkaure, uniq_eustachio, uniq_prince_ribbit1,
          uniq_duvessa
Temple:   eino_temple_water

Skill      XL: |  1  2  3  4  5  6  7 |
---------------+----------------------+-----
Conjurations   | 3 4 5 |  5.4
Stealth        | 4 5 6 7 8 9 |  9.6
Spellcasting   | 3 |  3.0
Dodging        | |  3.0

Action                   |  1- 3 |  4- 6 |  7- 9 || total
-------------------------+-------+-------+-------++-------
Melee: Mace              |    38 |       |       ||    38
       Dagger            |     5 |   105 |       ||   110
       Spear             |       |    42 |    31 ||    73
 Cast: Magic Dart        |    80 |    68 |       ||   148
       Dazzling Spray    |     2 |    28 |     1 ||    31
       Searing Ray       |       |     1 |     3 ||     4
       Iskenderun's Myst |       |       |     1 ||     1
  Use: Scroll            |     5 |     6 |       ||    11
 Stab: Sleeping          |     1 |     6 |     1 ||     8
       Invisible         |       |     7 |     1 ||     8
  Eat: Ration            |       |     4 |     1 ||     5
Armor: Robe              |     6 |    10 |     1 ||    17
Dodge: Dodged            |    41 |   119 |    16 ||   176
Block: Other             |       |     5 |     3 ||     8
       Reflection        |       |     1 |       ||     1

Table legend:
 A = Non-vault XP
 B = Vault XP
 C = Vault XP percentage of total XP
 D = Non-vault monster count
 E = Vault monster count
 F = Vault count percentage of total count
                 A         B        C        D         E       F
            +---------+---------+-------+---------+---------+-------
      Total |    1077 |      32 |   2.9 |      86 |       9 |   9.5
            +---------+---------+-------+---------+---------+-------
        D:1 |      29 |       0 |   0.0 |      18 |       0 |   0.0
        D:2 |      79 |      32 |  28.8 |      19 |       9 |  32.1
        D:3 |     164 |       0 |   0.0 |      24 |       0 |   0.0
        D:4 |     229 |       0 |   0.0 |      13 |       0 |   0.0
        D:5 |     576 |       0 |   0.0 |      12 |       0 |   0.0
            +---------+---------+-------+---------+---------+-------
